 Dungeon Crawl Stone Soup version 0.28.0-43-g3370ac3207 (webtiles) character file.

Game seed: 15742855122148285213

93 Ablot the Grasshopper (level 4, -2/38 HPs)
             Began as a Gnoll Warper on Mar 14, 2022.
             Slain by a gnoll
             ... wielding a +0 spear
              (6 damage)
             ... on level 3 of the Dungeon.
             The game lasted 00:02:19 (2657 turns).

Ablot the Grasshopper (Gnoll Warper)                Turns: 2657, Time: 00:02:20

Health: -2/38      AC:  3    Str: 12    XL:     4   Next: 61%
Magic:  9/11       EV: 12    Int: 13    God:
Gold:   95         SH:  0    Dex: 11    Spells: 11/13 levels left

rFire   . . .      SeeInvis .   a - +0 spear
rCold   . . .      Faith    .   (no shield)
rNeg    . . .      Spirit   .   b - +0 leather armour
rPois   .          Reflect  .   (no helmet)
rElec   .          Harm     .   (no cloak)
rCorr   .          Rampage  .   (no gloves)
Will    +....                   (no boots)
Stlth   +.........              (no amulet)
HPRegen 0.12/turn               r - ring of willpower
MPRegen 0.12/turn               (no ring)

@: on blink cooldown
A: fangs 1, strong nose, distributed training
a: no special abilities


You were on level 3 of the Dungeon.
You visited 1 branch of the dungeon, and saw 3 of its levels.

You collected 95 gold pieces.

Inventory:

Hand Weapons
 a - a +0 spear (weapon)
Missiles
 d - 5 boomerangs of dispersal (quivered)
 e - 43 stones
 h - 2 poisoned darts
 k - 26 sling bullets
 s - 2 javelins
Armour
 b - a +0 leather armour (worn)
Magical Staves
 j - a staff of air
Jewellery
 r - a ring of willpower (left hand)
Scrolls
 c - a scroll of blinking
 f - a scroll of fear {unknown}
 i - 2 scrolls of magic mapping {unknown}
 l - a scroll of identify {unknown}
 m - a scroll of teleportation {unknown}
 p - 3 scrolls of enchant armour {unknown}
Potions
 g - a potion of berserk rage {unknown}
 n - 2 potions of curing {unknown}
 o - a potion of ambrosia {unknown}
 q - a potion of might {unknown}


   Skills:
 + Level 4.6 Fighting
 + Level 1.2 Short Blades
 + Level 1.2 Long Blades
 + Level 1.2 Axes
 + Level 1.2 Maces & Flails
 + Level 4.6 Polearms
 + Level 1.2 Staves
 + Level 1.2 Slings
 + Level 1.2 Bows
 + Level 1.2 Crossbows
 + Level 2.8 Throwing
 + Level 2.8 Armour
 + Level 4.6 Dodging
 + Level 1.2 Stealth
 + Level 1.2 Shields
 + Level 1.2 Unarmed Combat
 + Level 5.1 Spellcasting
 + Level 1.0 Conjurations
 + Level 1.0 Hexes
 + Level 1.0 Summonings
 + Level 1.0 Necromancy
 + Level 5.5 Translocations
 + Level 1.0 Transmutations
 + Level 1.0 Fire Magic
 + Level 1.0 Ice Magic
 + Level 1.0 Air Magic
 + Level 1.0 Earth Magic
 + Level 1.0 Poison Magic
 + Level 1.3 Invocations
 + Level 1.2 Evocations


You had 11 spell levels left.
You knew the following spells:

 Your Spells              Type           Power      Damage    Failure   Level
a - Blink                 Tloc           34%        N/A       3%          2

Your spell library contained the following spells:

 Spells                   Type           Power      Damage    Failure   Level
 Gell's Gravitas          Tloc           17%        N/A       8%          3
 Lesser Beckoning         Tloc           17%        N/A       8%          3
 Teleport Other           Tloc           17%        N/A       8%          3
 Manifold Assault         Tloc           17%        N/A       56%         5


Dungeon Overview and Level Annotations

Branches:
Dungeon (3/15)

Altars:
Xom


Innate Abilities, Weirdness & Mutations

You have very sharp teeth.
Your uncanny sense of smell can sniff out nearby items.
Your experience applies equally to all skills.


Message History

You feel sick.
You are no longer poisoned.
You open the door. The gnoll hits you with a +0 flail.
There is an open door here.
The teleport trap disappears.
The gnoll disappears!
An orc comes into view. It is wielding a +0 dagger.
Found 13 gold pieces.
The teleport trap disappears.
The gnoll disappears!
The teleport trap disappears.
The gnoll disappears!
The gnoll reappears nearby!
You hit the gnoll.
The gnoll is moderately wounded.
The gnoll hits you with a +0 flail.
You are too injured to fight recklessly!
You are too injured to fight recklessly!
You are too injured to fight recklessly!
You are too injured to fight recklessly!
You are too injured to fight recklessly!
You are too injured to fight recklessly!
You are too injured to fight recklessly!
You are too injured to fight recklessly!
You are too injured to fight recklessly!
You are too injured to fight recklessly!
You hit the gnoll but do no damage.
The gnoll is moderately wounded.
The gnoll closely misses you.
You barely miss the gnoll.
The gnoll is moderately wounded.
The gnoll hits you with a +0 flail.
You barely miss the gnoll. Your bite misses the gnoll.
The gnoll is moderately wounded.
The gnoll hits you with a +0 flail!
* * * LOW HITPOINT WARNING * * *
You hit the gnoll but do no damage.
The gnoll is moderately wounded.
The gnoll barely misses you.
Casting: Blink (safe; 3% risk of failure)
Confirm with . or Enter, or press ? or * to list all spells.
You blink.
The gnoll hits you from afar with a +0 spear.
You die...

####......###.##.#
∆..........o##.##.#
#.##.#........g..##.#
#[##.#......^^...##.#
∆#.##.#......^_^..##.#
#.##.#...........##.#
#.##.............##.#
#.##..#.###.#..#'##.#####
#.#.........#.#@.g......#
#.#....#.####.#...#...#.#
##.........# #.#...#...#.#
...........# #.#...#...#.#
♣♣...♣♣♣....##.#...#g..#.#
#♣.♣# ♣.#.##.#.......#.#
♣.♣ .#..#.####....#.# ∆ ∆
♣.♣ # #..+...†'.# ∆ .♣.
#.##....###


You could see 2 gnolls and an orc.

Vanquished Creatures
  4 adders (D:3)
  A worm (D:2)
  8 ball pythons
  5 bats
  4 endoplasms
  3 giant cockroaches
  5 goblins
  3 hobgoblins
  2 jackals (D:2)
  4 kobolds (D:1)
  4 quokkas
  2 frilled lizards
  3 rats
48 creatures vanquished.

Notes
Turn   | Place    | Note
-------+----------+-------------------------------------------
     0 | D:1      | Ablot the Gnoll Warper began the quest for the Orb.
     0 | D:1      | Reached XP level 1. HP: 20/20 MP: 6/6
   175 | D:1      | Reached XP level 2. HP: 25/26 MP: 7/7
   182 | D:1      | Learned a level 2 spell: Blink
   822 | D:1      | Reached XP level 3. HP: 31/31 MP: 9/9
  1024 | D:2      | Reached skill level 5 in Spellcasting
  1445 | D:2      | Reached skill level 1 in Invocations
  1539 | D:2      | Found a faded altar of an unknown god.
  2029 | D:3      | Reached skill level 1 in Short Blades
  2029 | D:3      | Reached skill level 1 in Long Blades
  2029 | D:3      | Reached skill level 1 in Axes
  2029 | D:3      | Reached skill level 1 in Maces & Flails
  2029 | D:3      | Reached skill level 1 in Staves
  2029 | D:3      | Reached skill level 1 in Slings
  2029 | D:3      | Reached skill level 1 in Bows
  2029 | D:3      | Reached skill level 1 in Crossbows
  2029 | D:3      | Reached skill level 1 in Stealth
  2029 | D:3      | Reached skill level 1 in Shields
  2029 | D:3      | Reached skill level 1 in Unarmed Combat
  2029 | D:3      | Reached skill level 1 in Evocations
  2273 | D:3      | Reached XP level 4. HP: 26/38 MP: 11/11
  2399 | D:3      | Found a shimmering altar of Xom.
  2622 | D:3      | Reached skill level 1 in Conjurations
  2622 | D:3      | Reached skill level 1 in Hexes
  2622 | D:3      | Reached skill level 1 in Summonings
  2622 | D:3      | Reached skill level 1 in Necromancy
  2622 | D:3      | Reached skill level 1 in Transmutations
  2622 | D:3      | Reached skill level 1 in Fire Magic
  2622 | D:3      | Reached skill level 1 in Ice Magic
  2622 | D:3      | Reached skill level 1 in Air Magic
  2622 | D:3      | Reached skill level 1 in Earth Magic
  2622 | D:3      | Reached skill level 1 in Poison Magic
  2657 | D:3      | Slain by a gnoll

Illustrated notes

Levels and vault maps discovered:
D:1:      dpeg_arrival_rhombi, layout_basic
D:2:      layout_loops_ring, shapermc_ecumenical_altar_flowoftime
D:3:      layout_basic, xom_teletrap_fun, minmay_stone_trees_medium,
          grunt_ministairs_9

Skill      XL: |  1  2  3  4 |
---------------+-------------+-----
Spellcasting   | 5 |  5.1
Invocations    | 1 |  1.3
Short Blades   | 1 |  1.2
Long Blades    | 1 |  1.2
Axes           | 1 |  1.2
Maces & Flails | 1 |  1.2
Staves         | 1 |  1.2
Slings         | 1 |  1.2
Bows           | 1 |  1.2
Crossbows      | 1 |  1.2
Stealth        | 1 |  1.2
Shields        | 1 |  1.2
Unarmed Combat | 1 |  1.2
Evocations     | 1 |  1.2
Conjurations   | 1 |  1.0
Hexes          | 1 |  1.0
Summonings     | 1 |  1.0
Necromancy     | 1 |  1.0
Transmutations | 1 |  1.0
Fire Magic     | 1 |  1.0
Ice Magic      | 1 |  1.0
Air Magic      | 1 |  1.0
Earth Magic    | 1 |  1.0
Poison Magic   | 1 |  1.0
Fighting       | |  4.6
Polearms       | |  4.6
Throwing       | |  2.8
Armour         | |  2.8
Dodging        | |  4.6
Translocations | |  5.5

Action                   |  1- 3 |  4- 6 || total
-------------------------+-------+-------++-------
Melee: Spear             |   171 |    47 ||   218
       Bite              |    12 |     4 ||    16
       Punch             |     2 |     2 ||     4
 Cast: Blink             |       |     1 ||     1
 Stab: Sleeping          |     1 |       ||     1
Armor: Leather armour    |    33 |    16 ||    49
Dodge: Dodged            |    83 |    21 ||   104
